 Dungeon Crawl Stone Soup version 0.28.0-43-g3370ac3207 (webtiles) character file.

Game seed: 17866034665357624027

51 egresovca the Magician (level 4, -1/31 HPs)
             Began as a Djinni Ice Elementalist on Mar 1, 2022.
             Slain by an orc
             ... wielding a +0 mace
              (4 damage)
             ... on level 4 of the Dungeon.
             The game lasted 00:03:10 (2437 turns).

egresovca the Magician (Djinni Ice Elementalist)    Turns: 2437, Time: 00:03:11

Health: -1/31      AC:  8    Str:  9    XL:     4   Next: 7%
Gold:   76         EV: 13    Int: 16    God:
                   SH:  0    Dex: 14

rFire   + + .      SeeInvis .   (no weapon)
rCold   x . .      Faith    .   (no shield)
rNeg    . . .      Spirit   .   a - +0 robe
rPois   ∞          Reflect  .   (no helmet)
rElec   .          Harm     .   (no cloak)
rCorr   .          Rampage  .   (no gloves)
Will    .....                   (boots unavailable)
Stlth   ++........              (no amulet)
HPRegen 0.10/turn               (no ring)
MPRegen 0.00/turn               (no ring)

@: ice-armoured, flying, very slightly contaminated
A: sickness immunity, fire resistance 2, cold vulnerability 1, float, innate
caster, HP casting, extra vitality 1
a: no special abilities


You were on level 4 of the Dungeon.
You visited 1 branch of the dungeon, and saw 3 of its levels.

You collected 76 gold pieces.

Inventory:

Armour
 a - a +0 robe (worn)
 i - a +0 pair of boots
Scrolls
 c - a scroll of fog {unknown}
 f - a scroll of enchant armour {unknown}
 j - a scroll of vulnerability {unknown}
 k - a scroll of holy word {unknown}
 l - 3 scrolls of teleportation {unknown}
 m - a scroll of identify {unknown}
Potions
 b - 2 potions of curing {unknown}
 d - a potion of attraction {unknown}
 e - a potion of magic {unknown}
 g - a potion of resistance {unknown}
 h - a potion of flight {unknown}
 n - a potion of brilliance {unknown}


   Skills:
 + Level 0.7 Fighting
 + Level 0.5 Armour
 + Level 2.9 Dodging
 - Level 2.1 Stealth
 * Level 3.6 Spellcasting


You couldn't memorise any spells.
You knew the following spells:

 Your Spells              Type           Power      Damage    Failure   Level
a - Freeze                Ice            56%        1d7       4%          1
b - Frozen Ramparts       Ice            28%        1d4       12%         3
c - Ozocubu's Armour      Ice            14%        N/A       12%         3
d - Hailstorm             Conj/Ice       14%        3d5       36%         4
e - Pain                  Necr           56%        1d6       4%          1
Your spell library was empty.

Dungeon Overview and Level Annotations

Branches:
Dungeon (2/15)

Altars:


Innate Abilities, Weirdness & Mutations

You are immune to sickness and miasma.
You are immune to poison.
Your flesh is very heat resistant. (rF++)
You are vulnerable to cold. (rC-)
You float through the air rather than walking.
You learn spells naturally, not from books.
Your magical power is your life essence.
You have superior vitality. (+4 MHP)


Message History

Unknown command.
Unknown command.
Unknown command.
Casting: Freeze (safe; 4% risk of failure)
Confirm with . or Enter, or press ? or * to list all spells.
The spell is quite dangerous to miscast (12% risk of failure)!
Continue anyway?
Okay, then.
Unknown command.
Unknown command.
Unknown command.
Unknown command.
Casting: Ozocubu's Armour (quite dangerous; 12% risk of failure)
Confirm with . or Enter, or press ? or * to list all spells.
The spell is quite dangerous to miscast (12% risk of failure)!
Continue anyway?
A film of ice covers your body!
* * * LOW HITPOINT WARNING * * *
The wall freezes the orc.
The orc closely misses you.
The wall freezes the orc wizard.
The orc wizard casts a spell at you. You resist with some effort.
Unknown command.
Unknown command.
Unknown command.
Unknown command.
The wall freezes the orc.
The orc hits you with a +0 mace.
* * * LOW HITPOINT WARNING * * *
The wall freezes the orc wizard.
The orc wizard hits you but does no damage.
Unknown command.
Unknown command.
Casting: Ozocubu's Armour (quite dangerous; 12% risk of failure)
Confirm with . or Enter, or press ? or * to list all spells.
Aiming: Freeze (safe; 4% risk of failure)
Press: ? - help, Shift-Dir - straight line, f/p - orc wizard
Aim: an orc wizard, wielding a +0 dagger and wearing a +0 robe (almost dead)
You freeze the orc wizard.
You kill the orc wizard!
* * * LOW HITPOINT WARNING * * *
The frozen ramparts melt away.
The orc hits you with a +0 mace.
You die...

##. #..
#.. #..
..########
.........
##))...#
#.@o#
#.....)#
.........#
....##..##
... ...#
.. ..... .
.....
......


You could see an orc.

Vanquished Creatures
  An orc wizard (D:4)
  An adder (D:2)
  A dart slug (D:1)
  2 orcs (D:4)
  3 bats (D:1)
  3 endoplasms
  2 giant cockroaches (D:1)
  5 goblins
  5 hobgoblins
  A quokka (D:1)
  4 ball pythons
  2 frilled lizards
  2 kobolds (D:1)
  4 rats (D:1)
36 creatures vanquished.

Notes
Turn   | Place    | Note
-------+----------+-------------------------------------------
     0 | D:1      | egresovca the Djinni Ice Elementalist began the quest for
                  | the Orb.
     0 | D:1      | Reached XP level 1. HP: 15/15 MP: 0/0
   222 | D:1      | Reached XP level 2. HP: 18/21 MP: 0/0
   723 | D:1      | Reached XP level 3. HP: 23/25 MP: 0/0
   723 | D:1      | Learned a level 1 spell: Pain
   991 | D:1      | HP: 1/25 [goblin/+0 dagger (2)]
  2431 | D:2      | You are sucked into a shaft and drop 2 floors!
  2434 | D:4      | Reached XP level 4. HP: 12/31 MP: 0/0
  2437 | D:4      | Slain by an orc

Illustrated notes

Levels and vault maps discovered:
D:1:      lemuel_arrival_rhombus, layout_basic
D:2:      layout_basic, minmay_indecisive_spiral
D:4:      layout_cave_pools, uniq_crazy_yiuf_cottage, uniq_pikel

Skill      XL: |  1  2 |
---------------+-------+-----
Stealth        | 2 |  2.1
Fighting       | |  0.7
Armour         | |  0.5
Dodging        | |  2.9
Spellcasting   | |  3.6

Action                   |  1- 3 |  4- 6 || total
-------------------------+-------+-------++-------
Melee: Unarmed           |     2 |       ||     2
 Cast: Freeze            |    31 |     2 ||    33
       Frozen Ramparts   |    13 |       ||    13
       Ozocubu's Armour  |     2 |     1 ||     3
Armor: Robe              |     8 |     1 ||     9
Dodge: Dodged            |    19 |     1 ||    20
